 Dungeon Crawl Stone Soup version 0.26.1-11-gd32895ea62 (webtiles) character file.

Game seed: 15396445775504262742

41 Elvor the Sneak (level 3, -7/23 HPs)
             Began as a Gargoyle Delver on Apr 15, 2021.
             Mangled by Terence
             ... wielding a +1 flail of protection
              (8 damage)
             ... on level 2 of the Dungeon.
             The game lasted 00:03:11 (327 turns).

Elvor the Sneak (Gargoyle Delver)                    Turns: 327, Time: 00:03:12

Health: -7/23      AC:  6    Str: 16    XL:     3   Next: 52%
Magic:  3/3        EV: 11    Int: 10    God:
Gold:   19         SH:  0    Dex: 11    Spells: 2/2 levels left

rFire    . . .     SeeInvis .   a - +0 mace
rCold    . . .     Faith    .   (no shield)
rNeg     + . .     Spirit   .   b - +0 leather armour
rPois    ∞         Reflect  .   (no helmet)
rElec    +         Harm     .   (no cloak)
rCorr    .         Rampage  .   (no gloves)
Will     .....                  (no boots)
Stlth    +++.......             (no amulet)
HPRegen  0.07/turn              (no ring)
MPRegen  0.08/turn              (no ring)

@: no status effects
A: negative energy resistance 1, electricity resistance, unbreathing,
petrification resistance, miasma immunity, AC +3
a: no special abilities


You were on level 2 of the Dungeon.
You visited 1 branch of the dungeon, and saw 4 of its levels.

You collected 19 gold pieces.

Inventory:

Hand Weapons
 a - a +0 mace (weapon)
 h - a +0 dire flail
Missiles
 l - 5 atropa-tipped darts
 m - 4 poisoned darts (quivered)
Armour
 b - a +0 leather armour (worn)
Wands
 g - a wand of digging (3)
Scrolls
 c - a scroll of fog
 d - a scroll of magic mapping
 e - a scroll of fear
 i - 3 scrolls of teleportation {unknown}
 k - a scroll of random uselessness {unknown}
Potions
 f - a potion of haste
 j - 2 potions of attraction {unknown}


   Skills:
 + Level 3.6 Fighting
 + Level 2.2 Maces & Flails
 + Level 1.6 Dodging
 + Level 6.3 Stealth


You had 2 spell levels left.
You didn't know any spells.
Your spell library contained the following spells:

 Spells                   Type           Power        Failure   Level
 Magic Dart               Conj           0%           43%         1
 Searing Ray              Conj           0%           56%         2
 Dazzling Flash           Conj/Hex       0%           80%         3
 Fulminant Prism          Conj/Hex       0%           99%         4
 Iskenderun's Mystic Bla  Conj/Tloc      0%           99%         4


Dungeon Overview and Level Annotations

Branches:
Dungeon (5/15)
 Temple: D:4-7

Altars:

Annotations:
D:2 Terence


Innate Abilities, Weirdness & Mutations

You are resistant to torment.
Your stone body is resilient. (AC +3)
You are immune to poison.
You resist negative energy. (rN+)
You are resistant to electric shocks. (rElec)
You can survive without breathing.
You are immune to petrification.
You are immune to miasma.


Message History

Terence is moderately wounded.
Terence shouts, "DIE!!!"
Terence hits you with a +1 flail of protection.
* * * LOW HITPOINT WARNING * * *
You hit Terence but do no damage.
Terence is heavily wounded.
Terence hits you with a +1 flail of protection.
* * * LOW HITPOINT WARNING * * *
You hit Terence but do no damage.
Terence is heavily wounded.
Terence barely misses you.
You hit Terence.
Terence is almost dead.
Terence hits you with a +1 flail of protection.
* * * LOW HITPOINT WARNING * * *
Terence barely misses you.
You completely miss Terence.
Terence is almost dead.
Terence hits you with a +1 flail of protection!
You die...

##.##.........#
#.##..####.##.#
##_##..###.##.######
##.##..............
##[#######.##.######
#.##.(((...##.#
##.#.# ######.#
#.#@# #.# #.@(# #.#
##### #.# #.# #.#
#.# #.#
#######.######
#.............
..............


You could see Terence (poisoned).

Vanquished Creatures
  A bullfrog skeleton (D:4)
  An adder (D:4)
  A goblin (D:2)
  A bat (D:2)
  A kobold (D:2)
5 creatures vanquished.

Notes
Turn   | Place    | Note
-------+----------+-------------------------------------------
     0 | D:5      | Elvor the Gargoyle Delver began the quest for the Orb.
     0 | D:5      | Reached XP level 1. HP: 14/14 MP: 1/1
    14 | D:4      | Noticed a hound
    40 | D:4      | Reached skill level 6 in Stealth
    40 | D:4      | Reached XP level 2. HP: 4/19 MP: 2/2
    40 | D:4      | Reached XP level 3. HP: 5/23 MP: 3/3
    89 | D:4      | Noticed a scorpion
   293 | D:2      | Found a faded altar of an unknown god.
   304 | D:2      | Noticed Terence
   326 | D:2      | HP: 1/23 [Terence/+1 flail of protection (2)]
   327 | D:2      | Mangled by Terence

Illustrated notes

Levels and vault maps discovered:
D:2:      minmay_recursive_quarters, layout_loops_ring, minitemple,
          chequers_ecumenical_altar_twisty, nicolae_tso_swordbearing_angel,
          uniq_terence
D:3:      layout_basic, old_standard_altar, uniq_sigmund
D:4:      layout_basic, minmay_temple_entry_sparse_star,
          grunt_decor_mini_mirrors
D:5:      layout_cave_pods, grunt_temple_overflow_order_and_chaos_2,
          serial_shops, shop_statue

Skill      XL: |  1 |
---------------+----+-----
Stealth        | 6 |  6.3
Fighting       | |  3.6
Maces & Flails | |  2.2
Dodging        | |  1.6

Action                   || total
-------------------------++-------
Melee: Dire flail        ||    20
       Mace              ||    15
Throw: Dart              ||    12
 Stab: Sleeping          ||     2
Armor: Leather armour    ||     9
Dodge: Dodged            ||    25
